 Dungeon Crawl Stone Soup version 0.31.0-12-g77e489cdc1 (webtiles) character file.

Game seed: 4077770374029128293

27507 chippings the Mimic (level 13, -2/136 HPs)
             Began as a White Draconian Shapeshifter on Mar 6, 2024.
             Was a High Priest of Wu Jian.
             Killed from afar by a rime drake (6 damage)
             ... with an icy flash freeze
             ... while petrified by a basilisk
             ... on level 3 of the Lair of Beasts.
             The game lasted 00:43:53 (12300 turns).

chippings the Mimic (White Draconian Shapeshifter) Turns: 12300, Time: 00:43:54

Health: -2/136     AC: 11    Str: 28    XL:     13   Next: 4%
Magic:  13/13      EV:  1    Int: 14    God:    Wu Jian [*****.]
Gold:   761        SH:  0    Dex: 12    Spells: 12/12 levels left

rFire   . . .        P - melded staff "Paator" {rC+ Stlth+ Necro Ice}
rCold   . . .        (shield currently unavailable)
rNeg    + + +        (body armour unavailable)
rPois   ∞            (helmet currently unavailable)
rElec   .            H - melded scarf {shadows}
rCorr   .            l - melded +1 pair of gloves
SInv    .            (boots currently unavailable)
Will    .....        B - amulet of regeneration
Stlth   +            N - +5 ring of evasion
HPRegen 1.22/turn    J - +6 ring of strength
MPRegen 0.13/turn

%: no passive effects
@: snake-form, petrified, invisible
A: constrict, boosted hp, (breathe frost), AC +8, large, unfitting armour, (cold
resistance 1), (cold-blooded)
a: Begin Untransformation, Renounce Religion, Wall Jump, Serpent's Lash,
Heavenly Storm


You were on level 3 of the Lair of Beasts.
You worshipped Wu Jian.
Wu Jian was extremely pleased with you.
You were an enormous serpent.
You visited 2 branches of the dungeon, and saw 16 of its levels.
You also visited: Ossuary.

You collected 795 gold pieces.
You spent 34 gold pieces at shops.

Inventory:

Missiles
 n - 4 datura-tipped darts
 x - 18 poisoned darts (quivered)
 F - 5 atropa-tipped darts
Armour
 l - a +1 pair of gloves (melded)
 H - a scarf of shadows (melded)
Magical Staves
 z - a staff of alchemy
 P - the staff "Paator" (melded) {rC+ Stlth+ Necro Ice}
   (You found it on level 1 of the Lair of Beasts)

   [staff of cold]

   Base accuracy: +5 Base damage: 5 Base attack delay: 1.2 This weapon's minimum
   attack delay (0.6) is reached at skill level 12.
   rC+:       It protects you from cold.
   Stlth+:    It makes you more stealthy.
   Necro:     It increases the power of your Necromancy spells.
   Ice:       It increases the power of your Ice spells.
   It falls into the 'Staves' category.
   It is a one-handed weapon.
Jewellery
 B - an amulet of regeneration (around neck)
 D - a ring of flight
 G - a ring of ice
 J - a +6 ring of strength (right hand)
 N - a +5 ring of evasion (left hand)
Talismans
 b - a beast talisman
 c - a flux talisman
 k - a maw talisman
 m - a serpent talisman (active)
Wands
 i - a wand of polymorph (10)
 q - a wand of digging (7)
 y - a wand of flame (38)
Scrolls
 e - 6 scrolls of amnesia
 g - 8 scrolls of teleportation
 h - a scroll of revelation
 p - 3 scrolls of immolation
 r - 4 scrolls of blinking
 t - 6 scrolls of fog
 v - 2 scrolls of enchant armour
 w - a scroll of silence
 A - 2 scrolls of brand weapon
 C - 3 scrolls of noise
 M - 3 scrolls of vulnerability
Potions
 a - 6 potions of lignification
 d - 5 potions of curing
 f - 4 potions of attraction {unknown}
 j - 4 potions of heal wounds {unknown}
 o - 2 potions of ambrosia
 s - 2 potions of enlightenment
 E - a potion of might
 I - 5 potions of haste
 K - 6 potions of cancellation {unknown}
 L - 2 potions of brilliance {unknown}
 O - a potion of mutation


   Skills:
 + Level 10.4 Fighting
 - Level 8.0 Dodging
 + Level 10.0 Unarmed Combat
 + Level 8.0 Ice Magic
 - Level 4.0 Alchemy
 + Level 13.1 Shapeshifting


You had 12 spell levels left.
You didn't know any spells.
Your spell library contained the following spells:

 Spells                   Type           Power      Damage    Failure   Level
 Ensorcelled Hibernation  Hex/Ice        22%        N/A       9%          2
 Jinxbite                 Hex            0%         N/A       41%         2
 Fugue of the Fallen      Necr           0%         N/A       65%         3
 Stone Arrow              Conj/Erth      0%         3d7       65%         3
 Anguish                  Hex/Necr       0%         N/A       96%         4
 Summon Lightning Spire   Summ/Air       0%         N/A       96%         4
 Vhi's Electric Charge    Tloc/Air       0%         N/A       96%         4
 Yara's Violent Unravell  Hex/Alch       2%         3d3       98%         5
 Sculpt Simulacrum        Ice/Alch       8%         N/A       98%         6
 Arcjolt                  Conj/Air       0%         1d10      100%        5
 Lee's Rapid Deconstruct  Erth           0%         3d4*      100%        5
 Enfeeble                 Hex            0%         N/A       100%        7
 Ozocubu's Refrigeration  Ice            11%        4d9       100%        7
 Lehudib's Crystal Spear  Conj/Erth      0%         10d2      100%        8
 Maxwell's Capacitive Co  Air            0%         ∞         100%        8
 Polar Vortex             Ice            11%        12d1*     100%        9
 Animate Armour           Summ/Erth      Unusable   N/A       N/A         4

Dungeon Overview and Level Annotations

Branches:
Dungeon (13/15)            Temple (0/1) D:7            Lair (3/5) D:11
 Shoals (0/4) Lair:2        Snake (0/4) Lair:2          Orc (0/2) D:11
Ossuary (visited)
 Vaults: D:13-14

Altars:
Dithmenos
Elyvilon
Fedhas
Kikubaaqudgha
Makhleb
Okawaru
Trog
Wu Jian
Xom
Yredelemnul
The Shining One

Shops:
D:1 [   D:2 (   D:5 *   D:7 :

Annotations:
D:10 Slick Slippers


Innate Abilities, Weirdness & Mutations

You are an enormous serpent.
You have a powerful constriction melee attack.
Your maximum health is increased.
Your armour is entirely melded.
You are incapable of wielding weapons or throwing items.
((You can breathe waves of freezing cold which knock back foes.))
((Your icy white scales are hard. (AC +8)))
You cannot fit into any form of body armour.
((Your flesh is cold resistant. (rC+)))
((You are cold-blooded and may be slowed by cold attacks.))


Message History

The basilisk gazes at you.
You are slowing down.
You barely miss the rime drake. Your grab misses the rime drake.
The rime drake is almost dead.
The ice encasing you melts away. The rime drake breathes ice at you.
The icy flash freeze hits you!
* * * LOW HITPOINT WARNING * * *
You are encased in ice.
The basilisk gazes at the rime drake.
The rime drake resists with significant effort.
Your limbs have turned to stone.
The rime drake barely misses you.
You have turned to stone.
The basilisk bites you but does no damage.
The rime drake bites you.
* * * LOW HITPOINT WARNING * * *
The rime drake bites you but does no damage.
The basilisk bites you.
* * * LOW HITPOINT WARNING * * *
The ice encasing you melts away. The rime drake breathes ice at you.
The icy flash freeze hits you!
* * * LOW HITPOINT WARNING * * *
You are encased in ice.
The basilisk bites you. The rime drake barely misses you.
The basilisk hisses menacingly.
The basilisk bites you but does no damage.
The rime drake bites you but does no damage.
The basilisk bites you!
* * * LOW HITPOINT WARNING * * *
The rime drake bites you but does no damage.
The basilisk bites you but does no damage.
The rime drake bites you but does no damage.
The ice encasing you melts away.
The rime drake bites you but does no damage.
The basilisk bites you but does no damage.
The rime drake breathes ice at you. The icy flash freeze hits you!
You die...

......#...♣ .........♣...
. #.#.......♣. ...
#..........♣♣.
....#......#P.....
....#......#....#.
..#...........P...
P........S##......# ...
.....#.kl##.k# #.#. ....
.........#.##.....
..#...#.................
...P...#.P...#....##.....
.. ....#.P......#..#.....
...#......<....#.........
...P.#.#†#<....†#........
........†..#.#.##.......$


You could see a basilisk (unable to see you) and a rime drake (unable to see
you, catching breath).

Vanquished Creatures
  Josephine (D:11)
  A boulder beetle (D:11)
  2 two-headed ogres
  A centaur warrior (D:8)
  A salamander (Lair:2)
  A deep elf pyromancer (D:12)
  An ugly thing (D:12)
  Maurice (D:9)
  2 black mambas (Lair:2)
  A merfolk siren (Lair:2)
  Joseph (D:9)
  5 cane toads
  3 gargoyles
  4 komodo dragons
  A rime drake (Lair:3)
  3 polar bears
  3 trolls
  4 blink frogs (Lair:2)
  2 shadows (D:11)
  5 wraiths
  A vampire (D:11)
  4 wyverns
  39 yaks
  A warg (Lair:1)
  2 basilisks
  2 steam dragons
  2 vampire mosquitoes (D:12)
  A swamp drake (D:11)
  7 water moccasins
  2 black bears
  4 orc warriors
  2 sky beasts
  3 ice beasts (D:10)
  An ogre (D:7)
  13 wolves (Lair:1)
  A centaur (D:12)
  4 phantoms
  2 kobold brigands
  4 necrophages (D:8)
  9 scorpions
  9 bullfrogs
  A gnoll sergeant (D:8)
  4 wights (D:6)
  A troll zombie (D:11)
  8 killer bees
  2 electric eels (D:10)
  10 howler monkeys
  4 centaur zombies
  3 lava snakes (Lair:2)
  A human zombie (Ossuary)
  A bombardier beetle (D:4)
  A gnoll bouda (D:6)
  6 hounds
  5 orc priests
  A sleepcap (D:6)
  Ijyb (D:3)
  An iguana (D:4)
  4 scorpion zombies (Ossuary)
  5 orc wizards
  A killer bee zombie (D:8)
  A centaur simulacrum (D:10)
  5 ogre zombies (D:11)
  3 mummies (Ossuary)
  9 gnolls
  5 adders
  2 shadow imps (D:7)
  4 white imps
  2 ufetubi (D:7)
  2 ribbon worms
  5 dart slugs
  19 orcs
  3 ball pythons
  5 bats
  6 endoplasms
  5 giant cockroaches
  8 gnoll zombies
  8 goblins
  7 hobgoblins
  11 jackals
  2 quokkas
  A gnoll skeleton (D:11)
  2 jackal zombies (Ossuary)
  10 kobolds
  An orc skeleton (D:11)
  17 orc zombies
  8 rats
  A butterfly (D:7)
368 creatures vanquished.

Vanquished Creatures (others)
  A hydra (Lair:3)
1 creature vanquished.

Grand Total: 369 creatures vanquished

Notes
Turn   | Place    | Note
-------+----------+-------------------------------------------
     0 | D:1      | chippings the Draconian Shapeshifter began the quest for
                  | the Orb.
     0 | D:1      | Reached XP level 1. HP: 16/16 MP: 1/1
   108 | D:1      | Reached XP level 2. HP: 19/23 MP: 2/2
   108 | D:1      | Found Adic's Armour Boutique.
   294 | D:1      | Reached XP level 3. HP: 29/29 MP: 3/3
   553 | D:2      | Found Sigrunn's Weapon Shoppe.
   666 | D:2      | Found a burning altar of Makhleb.
  1160 | D:3      | Noticed Ijyb
  1176 | D:3      | Killed Ijyb
  1177 | D:3      | Reached XP level 4. HP: 36/36 MP: 4/4
  1643 | D:4      | Reached XP level 5. HP: 42/42 MP: 5/5
  1732 | D:4      | Noticed a phantom
  1752 | D:4      | Killed a phantom
  1753 | D:4      | Reached XP level 6. HP: 20/51 MP: 6/6
  1901 | D:4      | Reached skill level 5 in Unarmed Combat
  1961 | D:4      | Reached skill level 4 in Shapeshifting
  2611 | D:5      | Entered Level 5 of the Dungeon
  2685 | D:5      | Found a burning altar of Makhleb.
  2715 | D:5      | Noticed a troll
  2730 | D:5      | Killed a troll
  2731 | D:5      | Your scales start taking on an icy white colour.
  2731 | D:5      | Reached XP level 7. HP: 4/59 MP: 7/7
  2731 | D:5      | Gained mutation: Your flesh is cold resistant. (rC+) [White
                  | Draconian growth]
  3046 | D:5      | Found Faacap's Assorted Antiques.
  3056 | D:5      | Bought a bubbling silvery potion for 17 gold pieces
  3056 | D:5      | Bought a fuming orange potion for 17 gold pieces
  3084 | D:5      | Found a white marble altar of Elyvilon.
  3099 | D:5      | Found an ancient bone altar of Kikubaaqudgha.
  3114 | D:5      | Found a shimmering altar of Xom.
  3115 | D:5      | Found a bloodstained altar of Trog.
  3495 | D:6      | Reached XP level 8. HP: 50/67 MP: 8/8
  3638 | D:6      | Found an ornate altar of the Wu Jian Council.
  3688 | D:6      | Became a worshipper of the Wu Jian Council
  3724 | D:6      | Reached skill level 5 in Shapeshifting
  3911 | D:6      | Reached skill level 5 in Fighting
  4340 | D:7      | Found a staircase to the Ecumenical Temple.
  4536 | D:7      | Found Horogry's Book Boutique.
  4573 | D:7      | Found a sand-covered staircase.
  4578 | Ossuary  | Entered an ossuary
  4624 | Ossuary  | Reached skill level 5 in Dodging
  4630 | Ossuary  | Reached XP level 9. HP: 75/75 MP: 9/9
  4775 | Ossuary  | Reached * piety under Wu Jian
  4776 | Ossuary  | Reached skill level 6 in Shapeshifting
  5813 | D:8      | Noticed a centaur warrior
  5874 | D:7      | Reached skill level 7 in Shapeshifting
  6056 | D:8      | Killed a centaur warrior
  6057 | D:8      | Reached XP level 10. HP: 46/88 MP: 10/10
  6200 | D:8      | Found a blossoming altar of Fedhas.
  6329 | D:9      | Noticed a two-headed ogre
  6348 | D:9      | You are sucked into a shaft and drop 3 floors!
  6371 | D:12     | Noticed Josephine
  6389 | D:11     | Killed Josephine
  6390 | D:11     | Reached skill level 8 in Shapeshifting
  6483 | D:11     | Reached ** piety under Wu Jian
  6560 | D:10     | Entered Level 10 of the Dungeon
  6615 | D:10     | Reached skill level 9 in Shapeshifting
  6702 | D:9      | Killed a two-headed ogre
  6703 | D:9      | Reached skill level 10 in Shapeshifting
  6776 | D:8      | Reached XP level 11. HP: 94/94 MP: 11/11
  6836 | D:9      | Noticed Joseph
  6851 | D:9      | Killed Joseph
  6961 | D:9      | Found a shadowy altar of Dithmenos.
  7092 | D:9      | Reached skill level 11 in Shapeshifting
  7095 | D:9      | Reached *** piety under Wu Jian
  7263 | D:9      | Found a basalt altar of Yredelemnul.
  7439 | D:9      | Noticed Maurice
  7444 | D:9      | Killed Maurice
  7445 | D:9      | Reached skill level 1 in Ice Magic
  7765 | D:10     | Reached skill level 1 in Alchemy
  7940 | D:10     | Noticed a skyshark
  7941 | D:10     | Found the +2 pair of slick slippers {slick, slippery, EV+4}
  7960 | D:10     | Found a runed translucent door.
  8167 | D:10     | Noticed a two-headed ogre
  8189 | D:10     | Killed a two-headed ogre
  8242 | D:10     | Found an iron altar of Okawaru.
  8623 | D:11     | Reached skill level 12 in Shapeshifting
  8752 | D:11     | Noticed a boulder beetle
  8768 | D:11     | Killed a boulder beetle
  8859 | D:11     | Reached **** piety under Wu Jian
  8883 | D:11     | Found a staircase to the Orcish Mines.
  9179 | D:11     | Found a glowing golden altar of the Shining One.
  9282 | D:11     | Found a staircase to the Lair.
  9551 | D:12     | Noticed a deep elf pyromancer
  9557 | D:12     | Killed a deep elf pyromancer
  9825 | D:12     | Reached XP level 12. HP: 97/103 MP: 12/12
 10182 | D:13     | Reached skill level 5 in Ice Magic
 10319 | Lair:1   | Entered Level 1 of the Lair of Beasts
 10367 | Lair:1   | Identified the staff "Paator" {rC+ Stlth+ Necro Ice}
 10463 | Lair:1   | Reached ***** piety under Wu Jian
 11180 | Lair:2   | Identified the +0 plate armour of Macaroni {rF+ SInv
                  | Stlth+}
 11881 | Lair:2   | Found a staircase to the Snake Pit.
 11887 | Lair:2   | Reached skill level 10 in Fighting
 11980 | Lair:2   | Found a staircase to the Shoals.
 12185 | Lair:3   | Reached skill level 13 in Shapeshifting
 12217 | Lair:3   | Noticed an eight-headed hydra
 12235 | Lair:3   | Reached skill level 10 in Unarmed Combat
 12235 | Lair:3   | Reached XP level 13. HP: 113/113 MP: 13/13
 12295 | Lair:3   | HP: 3/136 [rime drake/icy flash freeze (5)]
 12297 | Lair:3   | HP: 1/136 [basilisk (5)]
 12300 | Lair:3   | Killed from afar by a rime drake

Illustrated notes

Levels and vault maps discovered:
D:1:      heliophobic_arrival_dark_side_of_the_moon, layout_rooms, serial_shops,
          nicolae_shop_competitors_out_of_business
D:2:      layout_rooms, serial_shops, shop, basic_altar, minivault_23,
          serial_bayou_ford_a
D:3:      layout_basic, serial_bayou_lagoon_b, uniq_ijyb
D:4:      layout_gridville, serial_glass, glass_columns_b, glass_columns_a,
          due_unseen_surprise, minmay_strange_pillars, feat_on_display,
          grunt_decor_fettered, item_on_display_a
D:5:      layout_rooms, makhleb_heckhound_becter, mainiacjoe_overflow_big_doors,
          bloody_trog, lemuel_tele_altar, serial_shops, nicolae_shop_trees
D:6:      layout_basic, mainiacjoe_overflow_concentric_impassable
D:7:      layout_basic, minmay_temple_entry_butterflies, serial_shops, shop,
          enter_ossuary_5, minivault_24
D:8:      layout_rooms, fedhas_altar_decomposition
D:9:      layout_layer_cave, lemuel_doored_altar,
          mainiacjoe_overflow_surrounded_room, uniq_joseph, uniq_maurice
D:10:     layout_small_grid, kennysheep_okawaru_gauntlet, serial_ice,
          serial_ice_h, serial_ice_o, serial_ice_j, serial_ice_g,
          nicolae_guarded_unrand_slippers
D:11:     layout_loops_ring, erik_lair_dragon, zombieorc1_lemuel,
          tso_oasis_becter
D:12:     layout_loops_cross, uniq_josephine
D:13:     layout_cave_pools
Lair:1:   beast_lair_carwin_large_1, layout_chaotic_city
Lair:2:   layout_roguey, minmay_shoals_entry_lonely_mermaid,
          nicolae_snake_entry_warm_welcome, serial_bayou_pond_d,
          lemuel_fruit_tree
Lair:3:   layout_long_grid, guppyfry_lair_drakes

Skill      XL: |  1  2  3  4  5  6  7  8  9 10 11 12 13 |
---------------+----------------------------------------+-----
Dodging        | 2 3 4 5 6 8 |  8.0
Fighting       | 2 3 4 5 8 10 | 10.4
Unarmed Combat | 4 5 6 8 10 | 10.0
Shapeshifting  | 4 5 7 10 12 13 | 13.1
Ice Magic      | 4 7 8 |  8.0
Alchemy        | 3 4 |  4.0

Action                     |  1- 3 |  4- 6 |  7- 9 | 10-12 | 13-15 || total
---------------------------+-------+-------+-------+-------+-------++-------
  Melee: Unarmed           |   138 |   114 |   336 |   676 |    19 ||  1283
         Punch             |     3 |       |    17 |    16 |       ||    36
         Tailslap          |    10 |    15 |    58 |    71 |       ||   154
         Maw               |       |       |       |    90 |       ||    90
         Constrict         |       |       |       |    83 |     3 ||    86
  Throw: Dart              |       |       |     3 |       |       ||     3
Ability: Begin Untransform |       |     1 |     1 |       |       ||     2
         Lunge             |       |       |    27 |    66 |     3 ||    96
         Whirlwind         |       |       |     4 |     9 |       ||    13
         Wall Jump         |       |       |       |     2 |       ||     2
  Evoke: Wand              |       |     4 |     3 |     1 |       ||     8
    Use: Scroll            |       |       |     9 |    11 |       ||    20
         Potion            |       |       |     1 |     2 |     2 ||     5
   Stab: Sleeping          |       |       |     2 |       |       ||     2
         Distracted        |       |       |       |     1 |       ||     1
         Petrified         |       |       |       |       |     1 ||     1
 Armour: Skin              |    79 |    60 |   169 |   344 |    64 ||   716
  Dodge: Dodged            |    90 |    54 |   168 |   401 |    33 ||   746
   Form: Beast             |       |     1 |     2 |       |       ||     3
         Flux              |       |       |     2 |     2 |       ||     4
                           |       |       |     1 |     1 |       ||     2
         Maw               |       |       |       |    10 |       ||    10
         Serpent           |       |       |       |     9 |       ||     9
